 Dungeon Crawl Stone Soup version 0.29.1-12-g30fa7ad0bf (webtiles) character file.

Game seed: 2948304450516061198

70 MajorAdolf the Twirler (level 4, 0/36 HPs)
             Began as a Naga Wanderer on Jan 8, 2023.
             Slain by an orc
             ... wielding a +0 hand axe
              (4 damage)
             ... on level 3 of the Dungeon.
             The game lasted 00:01:57 (3941 turns).

MajorAdolf the Twirler (Naga Wanderer)              Turns: 3941, Time: 00:01:57

Health: 0/36       AC:  4    Str: 13    XL:     4   Next: 22%
Magic:  5/5        EV:  9    Int: 10    God:
Gold:   74         SH:  0    Dex: 16    Spells: 4/5 levels left

rFire   . . .      SeeInvis +   a - +0 quarterstaff
rCold   . . .      Faith    .   (shield currently unavailable)
rNeg    . . .      Spirit   .   d - +0 leather armour
rPois   +          Reflect  .   b - +0 helmet
rElec   .          Harm     .   (no cloak)
rCorr   .          Rampage  .   (no gloves)
Will    .....                   (no barding)
Stlth   ++........              (no amulet)
HPRegen 0.12/turn               (no ring)
MPRegen 0.09/turn               (no ring)

@: very slow
A: AC +1, large, see invisible, deformed body, poison resistance, slowness 2,
spit poison 1, naga tail 1
a: Spit Poison


You were on level 3 of the Dungeon.
You visited 1 branch of the dungeon, and saw 3 of its levels.

You collected 74 gold pieces.

Inventory:

Hand Weapons
 a - a +0 quarterstaff (weapon)
Armour
 b - a +0 helmet (worn)
 d - a +0 leather armour (worn)
Scrolls
 c - a scroll of blinking
 e - 3 scrolls of identify {unknown}
 g - a scroll of magic mapping {unknown}
 l - a scroll of teleportation {unknown}
 m - a scroll of acquirement {unknown}
 o - a scroll of torment {unknown}
Potions
 f - a potion of berserk rage {unknown}
 h - a potion of heal wounds {unknown}
 i - 2 potions of degeneration {unknown}
 j - 2 potions of invisibility {unknown}
 k - a potion of mutation {unknown}
 n - a potion of flight {unknown}
 p - a potion of lignification {unknown}


   Skills:
 + Level 4.3 Staves
 - Level 2.4 Armour
 - Level 1.0 Dodging
 - Level 1.5 Stealth
 - Level 1.0 Spellcasting
 - Level 2.0 Fire Magic


You had 4 spell levels left.
You knew the following spells:

 Your Spells              Type           Power      Damage    Failure   Level
a - Foxfire               Conj/Fire      8%         2x1d4     28%         1

Your spell library contained the following spells:

 Spells                   Type           Power      Damage    Failure   Level
 Conjure Flame            Conj/Fire      2%         6-21      65%         3
 Ozocubu's Armour         Ice            0%         N/A       78%         3
 Tukima's Dance           Hex            0%         N/A       78%         3
 Sticky Flame             Conj/Fire      2%         2d3       96%         4
 Passage of Golubria      Tloc           0%         N/A       99%         4
 Yara's Violent Unravell  Hex/Tmut       0%         3d3       100%        5
 Ozocubu's Refrigeration  Ice            0%         4d7       100%        7


Dungeon Overview and Level Annotations

Branches:
Dungeon (3/15)

Altars:


Innate Abilities, Weirdness & Mutations

Your serpentine skin is tough. (AC +1)
You have supernaturally acute eyesight. (SInv)
Armour fits poorly on your strangely shaped body.
Your system is resistant to poisons. (rPois)
You cover ground very slowly.
You can spit poison.
You have a snake-like lower body.


Message History

Aiming: Spit Poison (1% risk of failure)
Press: ? - help, Shift-Dir - straight line, f - orc
Aim: an orc, wielding a +0 falchion and wearing a +0 scale mail (65% to hit)
The splash of poison hits the orc.
The orc is almost dead.
Unknown command.
You closely miss the orc.
The orc is almost dead.
The orc hits you with a +0 falchion.
You hit the orc.
You kill the orc!
The orc hits you but does no damage.
You can't do that yet.
Unknown command.
You have got your breath back.
The orc hits you with a +0 trident!
Things that are here:
a +0 falchion; a +0 scale mail You hit the orc but do no damage.
The orc hits you with a +0 trident.
You thump the orc!
You kill the orc!
Unknown command.
You start resting.
An orc is nearby!
An orc comes into view. It is wielding a +0 mace.
The orc shouts!
You hear a shout!
The orc attacks as you move away! The orc hits you with a +0 hand axe.
The orc hits you with a +0 hand axe. The orc attacks as you move away!
The orc hits you but does no damage. x2
The orc attacks as you move away! The orc hits you with a +0 hand axe.
The orc attacks as you move away! The orc hits you with a +0 hand axe. x2
* * * LOW HITPOINT WARNING * * *
The orc attacks as you move away! The orc hits you with a +0 hand axe.
* * * LOW HITPOINT WARNING * * *
The orc hits you with a +0 hand axe.
* * * LOW HITPOINT WARNING * * *
There is a stone staircase leading up here.
The kobold shouts!
You hear a shout!
The orc hits you with a +0 hand axe.
You die...

##..#
######..[####..
#~...........[.
#~~##....###...
##~~##.#..#
K.#≈~~~..##.#
..#≈≈~~.....#
..#≈≈~~..####
##~~#@.######. #.
#~~#oo....... #.#
##~#.############.##
# #...............##
###########.###..#
#.## #.# #o# #.)
#.## ##.# ##.###.##


You could see 2 orcs and a kobold.

Vanquished Creatures
  3 adders (D:2)
  A worm (D:3)
  A dart slug (D:1)
  3 orcs (D:3)
  2 ball pythons
  An endoplasm (D:2)
  2 giant cockroaches
  3 goblins
  4 hobgoblins
  2 kobolds (D:2)
  2 quokkas
  5 bats
  3 frilled lizards
  3 rats (D:2)
35 creatures vanquished.

Notes
Turn   | Place    | Note
-------+----------+-------------------------------------------
     0 | D:1      | MajorAdolf the Naga Wanderer began the quest for the Orb.
     0 | D:1      | MajorAdolf set off with the following items: a +0
                  | quarterstaff, a +0 helmet, a scroll of blinking, a +0
                  | leather armour; and the following spell memorised: Foxfire;
                  | and the following spells available to memorise: Conjure
                  | Flame, Sticky Flame.
     0 | D:1      | Reached XP level 1. HP: 15/15 MP: 2/2
   581 | D:1      | Reached XP level 2. HP: 21/22 MP: 3/3
  1087 | D:1      | Found a faded altar of an unknown god.
  1425 | D:2      | Reached skill level 3 in Staves
  1476 | D:2      | Reached XP level 3. HP: 20/28 MP: 4/4
  2510 | D:2      | Reached skill level 4 in Staves
  2614 | D:2      | Reached XP level 4. HP: 35/36 MP: 5/5
  3655 | D:3      | Noticed a kobold brigand
  3941 | D:3      | Slain by an orc

Illustrated notes

Levels and vault maps discovered:
D:1:      minmay_arrival_plants_in_alcoves, layout_basic,
          dilly_ecumenical_altar_fadedgnrine
D:2:      layout_basic, corexii_item_surrounded_by_moat
D:3:      cheibrodos_thug_alley, layout_loops_corners

Skill      XL: |  1  2  3 |
---------------+----------+-----
Staves         | 3 4 |  4.3
Armour         | |  2.4
Dodging        | |  1.0
Stealth        | |  1.5
Spellcasting   | |  1.0
Fire Magic     | |  2.0

Action                   |  1- 3 |  4- 6 || total
-------------------------+-------+-------++-------
Melee: Quarterstaff      |    78 |    13 ||    91
 Abil: Spit Poison       |     5 |     3 ||     8
 Stab: Sleeping          |     3 |       ||     3
Armor: Leather armour    |    29 |    10 ||    39
Dodge: Dodged            |    43 |     4 ||    47
